 Dungeon Crawl Stone Soup version 0.25.0-15-gac7dcb8919 (console) character file.

Game seed: 12011252693858808300

117 Garrluk the Ruffian (level 4, -4/44 HPs)
             Began as a Troll Monk on June 28, 2020.
             Slain by Grinder (6 damage)
             ... while paralysed by Grinder
             ... on level 3 of the Dungeon.
             The game lasted 00:04:17 (2038 turns).

Garrluk the Ruffian (Troll Monk)                    Turns: 2038, Time: 00:04:18

Health: -4/44      AC:  6    Str: 20    XL:     4   Next: 71%
Magic:  3/3        EV:  1    Int:  6    God:
Gold:   158        SH:  0    Dex: 12    Spells: 3/3 levels left

rFire    . . .     SeeInvis .     - Unarmed
rCold    . . .     Gourm    +   (no shield)
rNeg     . . .     Faith    .   a - +0 robe
rPois    .         Spirit   .   (helmet restricted)
rElec    .         Reflect  .   (no cloak)
rCorr    .         Harm     .   (gloves unavailable)
MR       .....                  (boots unavailable)
Stlth    ++........             (no amulet)
HPRegen  0.54/turn              (no ring)
MPRegen  0.08/turn              (no ring)

@: paralysed
A: large, unfitting armour, claws 3, fast metabolism 3, gourmand, regeneration
1, shaggy fur 1, tough skin 3
a: no special abilities


You were on level 3 of the Dungeon.
You were completely stuffed.

You visited 1 branch of the dungeon, and saw 4 of its levels.

You collected 158 gold pieces.

Inventory:

Missiles
 e - 15 stones (quivered)
Armour
 a - a +0 robe (worn)
Scrolls
 c - a scroll of magic mapping {unknown}
 d - 8 scrolls of identify {unknown}
 f - 2 scrolls of enchant weapon {unknown}
 g - 2 scrolls of noise {unknown}
 l - 3 scrolls of blinking {unknown}
 m - 2 scrolls of enchant armour {unknown}
 p - a scroll of teleportation {unknown}
 r - a scroll of immolation {unknown}
 t - a scroll of fog {unknown}
 u - a scroll of remove curse {unknown}
Potions
 h - a potion of flight {unknown}
 i - a potion of magic {unknown}
 j - a potion of brilliance {unknown}
 k - a potion of might {unknown}
 n - a potion of haste {unknown}
 q - 3 potions of heal wounds {unknown}
 s - a potion of mutation {unknown}
Comestibles
 b - 8 rations
 o - 2 chunks of flesh


   Skills:
 - Level 2.4 Fighting
 - Level 2.4 Dodging
 - Level 1.0 Stealth
 + Level 5.5 Unarmed Combat


You had 3 spell levels left.
You didn't know any spells.
Your spell library was empty.

Dungeon Overview and Level Annotations

Branches:
Dungeon (4/15)
 Temple: D:4-7

Altars:
Hepliaklqana
Nemelex Xobeh
Vehumet
Xom

Annotations:
D:3 2 runed translucent doors, Ananasrisotto's ghost, amateur CeHu; Grinder


Innate Abilities, Weirdness & Mutations

You are too large for most types of armour.
You have claws for hands.
Your metabolism is lightning-fast.
You like to eat raw meat.
Your natural rate of healing is unusually fast.
You are covered in fur. (AC +1)
You have extremely tough skin. (AC +3)


Message History

Grinder zaps a wand.
You resist with some effort.
The iguana bites you but does no damage.
You scratch Grinder.
Grinder is severely wounded.
Grinder barely misses you. The iguana barely misses you.
You barely miss Grinder.
Grinder is severely wounded.
Grinder gestures at you.
You suddenly lose the ability to move!
The iguana bites you.
* * * LOW HITPOINT WARNING * * *
Grinder hits you.
* * * LOW HITPOINT WARNING * * *
You writhe in agony.
* * * LOW HITPOINT WARNING * * *
The iguana bites you but does no damage.
Grinder hits you.
* * * LOW HITPOINT WARNING * * *
You writhe in agony.
You die...

#.# #.# #.####'##
##.##....#########
.................#
#....)...#######.#
#⌠.⌠.##### #.#
.._..# #.# .⌠.⌠##
#.# ....## #.#
.....###########l#
#++####........5@#
..W≈≈#############
.#≈⌠..# ..≈.#.#
.≈=≈.## .#≈###
#### ..# .## .# .#


You could see Grinder and an iguana.

Vanquished Creatures
  An orc priest (D:3)
  2 adders
  An ooze (D:3)
  An adder skeleton (D:2)
  A dart slug (D:4)
  2 leopard geckos (D:3)
  4 orcs (D:3)
  3 bats
  2 giant cockroaches
  6 goblins
  7 hobgoblins
  8 jackals
  2 kobolds (D:1)
  A quokka (D:3)
  2 frilled lizards (D:3)
  11 rats
54 creatures vanquished.

Notes
Turn   | Place    | Note
-------+----------+-------------------------------------------
     0 | D:1      | Garrluk the Troll Monk began the quest for the Orb.
     0 | D:1      | Reached XP level 1. HP: 22/22 MP: 0/0
   144 | D:1      | Reached XP level 2. HP: 29/29 MP: 1/1
   802 | D:2      | Reached skill level 4 in Unarmed Combat
   934 | D:2      | Reached XP level 3. HP: 34/36 MP: 2/2
   958 | D:2      | Found a shimmering altar of Xom.
   958 | D:2      | Found a shimmering altar of Xom.
   959 | D:2      | Found a shimmering altar of Xom.
   959 | D:2      | Found a shimmering altar of Xom.
  1272 | D:3      | Found a hazy altar of Hepliaklqana.
  1392 | D:3      | Found a radiant altar of Vehumet.
  1435 | D:3      | Reached skill level 5 in Unarmed Combat
  1435 | D:3      | Reached XP level 4. HP: 42/44 MP: 3/3
  1580 | D:3      | Found a large runed translucent door.
  1581 | D:3      | Found a sparkling altar of Nemelex Xobeh.
  1581 | D:3      | Found a large runed translucent door.
  1588 | D:3      | Noticed Ananasrisotto's ghost (amateur CeHu)
  2015 | D:4      | Noticed Grinder
  2018 | D:4      | Paralysed by Grinder for 6 turns
  2036 | D:3      | Paralysed by Grinder for 5 turns
  2038 | D:3      | HP: 2/44 [Grinder (4)]
  2038 | D:3      | Slain by Grinder

Illustrated notes

Levels and vault maps discovered:
D:1:      dpeg_arrival_simpleton_b, layout_loops_ring, minivault_5
D:2:      layout_basic, xom_redecorated
D:3:      layout_basic, overflow_temple_1_default,
          nemelex_xobeh_ov_fountains_minmay, nicolae_overflow_hidden_temple,
          first_ration, ebering_ghost_disaster_area
D:4:      layout_rooms, serial_shops, shop_statue, uniq_grinder

Skill      XL: |  1  2  3 |
---------------+----------+-----
Unarmed Combat | 4 5 |  5.5
Fighting       | |  2.4
Dodging        | |  2.4
Stealth        | |  1.0

Action                   |  1- 3 |  4- 6 || total
-------------------------+-------+-------++-------
Melee: Unarmed           |    87 |    43 ||   130
 Stab: Sleeping          |     2 |       ||     2
  Eat: Chunk             |    18 |     6 ||    24
Armor: Robe              |    29 |    19 ||    48
Dodge: Dodged            |    38 |    12 ||    50
